 Dungeon Crawl Stone Soup version 0.22.1-2-g9c5b331 (webtiles) character file.

54635 HoaS the Warrior (level 14, -9/100 HPs)
             Began as a Gargoyle Berserker on Dec 16, 2018.
             Was the Champion of Trog.
             Mangled by a tyrant leech (19 damage)
             ... on level 6 of the Lair of Beasts.
             The game lasted 00:59:18 (19176 turns).

HoaS the Warrior (Gargoyle Berserker)              Turns: 19176, Time: 00:59:19

Health: -9/100     AC: 32    Str: 26    XL:     14   Next: 73%
Magic:  14/14      EV:  8    Int:  9    God:    Trog [******]
Gold:   1045       SH:  0    Dex: 13    Spells: 13/13 levels left

rFire    + . .     SeeInvis +     - Unarmed
rCold    + . .     Gourm    +   (no shield)
rNeg     + . .     Faith    .   i - +2 plate armour
rPois    ∞         Spirit   .   z - +1 helmet
rElec    +         Reflect  .   y - scarf {rC+ rF+}
rCorr    .         Harm     .   l - +0 pair of gloves
MR       +++..                  (no boots)
Stlth    ..........             E - amulet of the gourmand
HPRegen  1.26/turn              f - ring of see invisible
MPRegen  0.14/turn              x - +5 ring of strength

@: flying, regenerating, slowed, very slow
A: big wings, negative energy resistance 1, electricity resistance, unbreathing,
petrification resistance, rot immunity, AC +10
a: Stop Flying, Berserk, Trog's Hand, Brothers in Arms, Renounce Religion


You were on level 6 of the Lair of Beasts.
You worshipped Trog.
Trog was exalted by your worship.
You were very full.

You visited 2 branches of the dungeon, and saw 18 of its levels.

You collected 1045 gold pieces.

Inventory:

Armour
 i - a +2 plate armour (worn)
 l - a +0 pair of gloves (worn)
 y - a scarf of resistance (worn)
 z - a +1 helmet (worn)
Jewellery
 d - an uncursed ring of protection from fire
 f - a ring of see invisible (left hand)
 x - a +5 ring of strength (right hand)
 E - an amulet of the gourmand (around neck)
Wands
 c - a wand of flame (118)
 g - a wand of digging (11)
 p - a wand of enslavement (29)
 q - a wand of polymorph (9)
 t - a wand of disintegration (15)
 F - a wand of scattershot (4)
Scrolls
 j - 2 scrolls of fog
 m - 14 scrolls of teleportation
 r - 4 scrolls of blinking
 s - 2 scrolls of remove curse
 A - 2 scrolls of enchant weapon
 B - a scroll of identify
 C - 2 scrolls of magic mapping
Potions
 a - 7 potions of curing
 e - 2 potions of might
 h - 5 potions of haste
 k - a potion of ambrosia
 n - 4 potions of heal wounds
 o - 2 potions of flight
 u - 2 potions of agility
 v - 2 potions of mutation
 w - a potion of lignification
 D - a potion of berserk rage
 G - a potion of brilliance
Comestibles
 b - 51 rations
 H - 2 chunks of flesh


   Skills:
 * Level 16.9 Fighting
 + Level 12.2 Armour
 - Level 1.5 Dodging
 * Level 15.8 Unarmed Combat


You had 13 spell levels left.
You didn't know any spells.
Your spell library was empty.

Dungeon Overview and Level Annotations

Branches:
Dungeon (12/15)            Temple (0/1) D:6            Lair (6/6) D:9
 Shoals (0/4) Lair:2        Snake (0/4) Lair:4        Slime (0/5) Lair:5
    Orc (0/2) D:10

Altars:
Fedhas
Gozag
Hepliaklqana
Ru
Trog
Vehumet
Yredelemnul
The Shining One
Jiyva

Shops:
D:11 }

Annotations:
Lair:5 3 runed doors, Oddysee's ghost, journeyman FoFi
Lair:6 1 runed door


Innate Abilities, Weirdness & Mutations

You are resistant to torment.
Your stone body is resilient. (AC +10)
You are immune to poison.
Your large and strong wings let you fly indefinitely.
You resist negative energy. (rN+)
You are resistant to electric shocks. (rElec)
You can survive without breathing.
You are immune to petrification.
You are immune to rotting.


Message History

You are too injured to fight recklessly!
You punch the torpor snail!
The torpor snail is moderately wounded.
The tyrant leech bites you but does no damage.
The tyrant leech bites you.
The torpor snail bites you but does no damage.
You punch the torpor snail!
The torpor snail is heavily wounded.
The tyrant leech bites you!
You punch the torpor snail!
The torpor snail is heavily wounded.
The tyrant leech bites you!
* * * LOW HITPOINT WARNING * * *
The torpor snail bites you!
* * * LOW HITPOINT WARNING * * *
The tyrant leech bites you but does no damage.
You hit the torpor snail.
The torpor snail is severely wounded.
The tyrant leech bites you!!
You die...

###### #
###...[##### ####
##w.........#####...
#$w@.###.....##.....
#.w### ####..#.....#
#.. ##.....### #...
#....### ##..
#......## ###
.......#. .#....####
###.. #.#.


You could see 2 tyrant leeches and a torpor snail.

Vanquished Creatures
  A fire dragon (Lair:6)
  Harold (Lair:1)
  5 hydras
  The ghost of Monzz the Basher, a novice MiBe of Trog (D:8)
  4 two-headed ogres
  Erica (D:8)
  5 death yaks (Lair:2)
  Nergalle (Lair:1)
  A swamp dragon (Lair:6)
  2 lindwurms (Lair:6)
  3 ugly things
  2 black mambas
  12 elephants
  A centaur zombie (D:12)
  Joseph (Lair:1)
  10 spiny frogs
  3 torpor snails (Lair:6)
  A kobold demonologist (D:8)
  5 komodo dragons
  6 rime drakes
  A polar bear (D:10)
  3 trolls
  A tyrant leech (Lair:6)
  4 hornets (Lair:6)
  24 blink frogs
  A slime creature (D:12)
  A snapping turtle (Lair:2)
  7 dream sheep (Lair:6)
  6 hippogriffs
  A shadow (D:12)
  3 wyverns
  A vampire (D:12)
  A basilisk (Lair:1)
  51 yaks
  A hungry ghost (D:11)
  2 steam dragons (Lair:6)
  2 acid dragons (Lair:6)
  A naga (Lair:4)
  12 water moccasins
  9 porcupines
  A swamp drake (D:10)
  3 orc warriors
  A black bear (D:6)
  An ice beast (D:7)
  4 phantoms
  A sky beast (D:12)
  6 ogres
  10 wolves
  6 centaurs
  15 crocodiles
  11 bullfrogs
  9 big kobolds
  A wyvern zombie (D:12)
  5 scorpions
  4 killer bees (D:8)
  3 wights (D:9)
  5 electric eels
  3 crimson imps
  A wyvern simulacrum (D:10)
  A bullfrog zombie (D:5)
  6 jellies
  12 orc wizards
  7 orc priests
  2 bullfrog skeletons
  2 iguanas
  7 worker ants
  2 killer bee zombies
  A bullfrog simulacrum (D:10)
  A worker ant zombie (D:8)
  Robin (D:4)
  13 adders
  6 gnolls
  A howler monkey skeleton (D:6)
  2 shadow imps
  5 white imps (D:10)
  A howler monkey simulacrum (D:10)
  2 worker ant simulacra (D:10)
  3 oozes
  2 ufetubi (D:10)
  An adder skeleton (D:7)
  6 worms
  7 dart slugs
  8 leopard geckos
  45 orcs
  7 bats
  4 giant cockroaches
  16 goblins
  10 hobgoblins
  23 jackals
  5 quokkas
  3 ball pythons
  6 frilled lizards
  3 goblin skeletons (D:4)
  A hobgoblin zombie (D:4)
  31 kobolds
  A kobold skeleton (D:4)
  A leopard gecko zombie (D:8)
  3 orc zombies (D:4)
  A quokka skeleton (D:7)
  11 rats
558 creatures vanquished.

Vanquished Creatures (others)
  A basilisk (Lair:6)
  23 fungi
  25 plants
  3 withered plants (D:4)
52 creatures vanquished.

Grand Total: 610 creatures vanquished

Notes
Turn   | Place    | Note
-------+----------+-------------------------------------------
     0 | D:1      | HoaS the Gargoyle Berserker began the quest for the Orb.
     0 | D:1      | Reached XP level 1. HP: 14/14 MP: 1/1
   210 | D:1      | Reached XP level 2. HP: 18/19 MP: 2/2
   555 | D:1      | Reached XP level 3. HP: 21/24 MP: 3/3
   710 | D:1      | Reached skill level 4 in Fighting
   994 | D:2      | Reached ** piety under Trog
  1449 | D:2      | Reached XP level 4. HP: 24/30 MP: 4/4
  2221 | D:3      | Reached XP level 5. HP: 34/34 MP: 5/5
  2317 | D:3      | Reached skill level 5 in Fighting
  2331 | D:3      | Reached *** piety under Trog
  2597 | D:3      | Found a radiant altar of Vehumet.
  2690 | D:3      | Reached skill level 5 in Unarmed Combat
  3014 | D:4      | Found a glowing golden altar of the Shining One.
  3103 | D:4      | Noticed a phantom
  3104 | D:4      | Noticed an ogre
  3121 | D:3      | Killed an ogre
  3121 | D:3      | Reached XP level 6. HP: 22/40 MP: 6/6
  3384 | D:4      | Killed a phantom
  3657 | D:4      | Reached skill level 6 in Fighting
  3657 | D:4      | Reached XP level 7. HP: 19/46 MP: 7/7
  3830 | D:4      | Noticed Robin
  3840 | D:4      | Killed Robin
  3858 | D:4      | Found a basalt altar of Yredelemnul.
  4254 | D:5      | Entered Level 5 of the Dungeon
  4609 | D:5      | Reached **** piety under Trog
  4999 | D:5      | Reached skill level 7 in Fighting
  4999 | D:5      | Reached XP level 8. HP: 46/53 MP: 8/8
  5190 | D:6      | Found a staircase to the Ecumenical Temple.
  5510 | D:6      | Found a sacrificial altar of Ru.
  5577 | D:6      | Reached skill level 8 in Fighting
  5977 | D:7      | Noticed a two-headed ogre
  5985 | D:7      | Killed a two-headed ogre
  5985 | D:7      | Reached skill level 9 in Fighting
  5985 | D:7      | Reached skill level 5 in Armour
  5985 | D:7      | Reached XP level 9. HP: 60/60 MP: 9/9
  6811 | D:8      | Found a runed gate.
  6811 | D:8      | Found a runed gate.
  6811 | D:8      | Found an opulent altar of Gozag.
  6811 | D:8      | Found a runed gate.
  6812 | D:8      | Noticed a two-headed ogre
  6812 | D:8      | Noticed Monzz's ghost (novice MiBe)
  7196 | D:8      | Reached ***** piety under Trog
  7489 | D:8      | Reached skill level 10 in Fighting
  7506 | D:8      | Noticed a kobold demonologist
  7519 | D:8      | Noticed a hellwing
  7523 | D:8      | Killed a kobold demonologist
  7523 | D:8      | Reached XP level 10. HP: 68/68 MP: 10/10
  7628 | D:8      | Noticed a moth of wrath
  7628 | D:8      | Noticed Erica
  7644 | D:8      | Killed Erica
  7644 | D:8      | Reached skill level 10 in Unarmed Combat
  7647 | D:8      | Found a bloodstained altar of Trog.
  7668 | D:8      | Found the +8 lance "Wyrmbane" {slay drac, rPois rF+ rC+
                  | AC+3}
  8368 | D:8      | Reached skill level 11 in Fighting
  8638 | D:9      | Noticed a two-headed ogre
  8654 | D:9      | Killed a two-headed ogre
  8705 | D:9      | Found a transporter.
  8708 | D:9      | Found a transporter.
  8744 | D:9      | Found a blossoming altar of Fedhas.
  8824 | D:9      | Found a staircase to the Lair.
  8853 | D:9      | Reached XP level 11. HP: 75/76 MP: 11/11
  8941 | D:9      | Noticed a two-headed ogre
  8948 | D:9      | Killed a two-headed ogre
  9032 | D:8      | Killed a two-headed ogre
  9032 | D:8      | Reached skill level 12 in Fighting
  9058 | D:8      | Killed Monzz's ghost
  9226 | D:10     | Entered Level 10 of the Dungeon
  9406 | D:10     | Noticed a red ugly thing
  9415 | D:10     | Killed a red ugly thing
  9819 | D:10     | Reached ****** piety under Trog
 10007 | D:10     | Received a gift from Trog
 10024 | D:10     | Found a staircase to the Orcish Mines.
 10147 | D:11     | Found Siutaw's Gadget Boutique.
 10148 | D:11     | Noticed a cyan ugly thing
 10163 | D:11     | Killed a cyan ugly thing
 10258 | D:11     | Found a hazy altar of Hepliaklqana.
 11029 | D:12     | Identified a scroll of acquirement
 11126 | D:12     | Reached skill level 13 in Fighting
 11238 | D:12     | Reached XP level 12. HP: 48/84 MP: 12/12
 11880 | Lair:1   | Entered Level 1 of the Lair of Beasts
 12207 | Lair:1   | Noticed Joseph
 12219 | Lair:1   | Killed Joseph
 12428 | Lair:1   | Noticed Nergalle
 12445 | Lair:1   | Killed Nergalle
 12571 | Lair:1   | Reached skill level 14 in Fighting
 12715 | Lair:1   | Noticed Harold
 12724 | Lair:1   | Reached skill level 10 in Armour
 12735 | Lair:1   | Killed Harold
 12871 | Lair:1   | Found a blossoming altar of Fedhas.
 13252 | Lair:2   | Found a staircase to the Shoals.
 13274 | Lair:2   | Received a gift from Trog
 13346 | Lair:2   | Reached XP level 13. HP: 63/91 MP: 13/13
 14189 | Lair:2   | Reached skill level 15 in Fighting
 15129 | Lair:4   | Found a staircase to the Snake Pit.
 16352 | Lair:5   | Found a staircase to the Slime Pits.
 16355 | Lair:5   | Gained mutation: Your large and strong wings let you fly
                  | indefinitely. [Gargoyle growth]
 16355 | Lair:5   | Reached XP level 14. HP: 99/99 MP: 14/14
 16360 | Lair:5   | Reached skill level 16 in Fighting
 16377 | Lair:5   | Received a gift from Trog
 16422 | Lair:5   | Found a runed gate.
 16504 | Lair:5   | Reached skill level 15 in Unarmed Combat
 16535 | Lair:5   | Found a runed gate.
 16536 | Lair:5   | Found a runed gate.
 16539 | Lair:5   | Found a viscous altar of Jiyva.
 16539 | Lair:5   | Noticed Oddysee's ghost (journeyman FoFi)
 17275 | Lair:6   | Entered Level 6 of the Lair of Beasts
 18474 | Lair:6   | Received a gift from Trog
 18868 | Lair:6   | Found a runed door.
 19176 | Lair:6   | Mangled by a tyrant leech

Skill      XL: |  1  2  3  4  5  6  7  8  9 10 11 12 13 14 |
---------------+-------------------------------------------+-----
Fighting       | 4 5 6 7 9 10 11 13 14 15 16 | 16.9
Unarmed Combat | 4 5 6 8 9 10 12 13 14 15 | 15.8
Armour         | 3 5 6 7 9 10 11 12 | 12.2
Dodging        | |  1.5

Action                   |  1- 3 |  4- 6 |  7- 9 | 10-12 | 13-15 || total
-------------------------+-------+-------+-------+-------+-------++-------
Melee: Unarmed           |   106 |   284 |   487 |   852 |   730 ||  2459
       Punch             |     3 |     6 |     9 |    38 |    58 ||   114
Invok: Berserk           |       |     1 |     1 |     2 |     4 ||     8
       Trog's Hand       |       |     1 |     2 |     3 |     2 ||     8
 Abil: Fly               |       |       |       |       |     1 ||     1
  Use: Scroll            |    10 |     4 |     6 |     4 |     8 ||    32
 Stab: Sleeping          |     1 |       |       |       |       ||     1
  Eat: Chunk             |     2 |     8 |    15 |    38 |    23 ||    86
       Ration            |       |       |       |     1 |       ||     1
Armor: Animal skin       |    10 |       |       |       |       ||    10
       Ring mail         |    14 |   117 |    47 |       |       ||   178
       Scale mail        |       |       |     5 |       |       ||     5
       Skin              |       |       |     4 |       |       ||     4
       Plate armour      |       |       |   328 |   559 |   662 ||  1549
Dodge: Dodged            |    34 |   151 |   187 |   278 |   287 ||   937
